 Dungeon Crawl Stone Soup version 0.23.0 (webtiles) character file.

Game seed: 18230231078409198296

156227 Laan the Severer (level 17, 0/163 HPs)
             Began as a Hill Orc Fighter on Feb 15, 2019.
             Was the Champion of Beogh.
             Slain by a tyrant leech (26 damage)
             ... on level 3 of the Spider Nest.
             The game lasted 01:05:04 (27081 turns).

Laan the Severer (Hill Orc Fighter)                Turns: 27081, Time: 01:05:04

Health: 0/163      AC: 35    Str: 26    XL:     17   Next: 37%
Magic:  17/17      EV:  6    Int: 11    God:    Beogh [******]
Gold:   1034       SH: 21    Dex: 10    Spells: 16/16 levels left

rFire    + . .     SeeInvis .   V - +5 broad axe (freeze)
rCold    + . .     Gourm    .   I - +0 large shield
rNeg     . . .     Faith    .   c - +9 plate armour of the Endless Expanse {-Tele rC+ MR++}
rPois    .         Spirit   .   P - +2 helmet {Int+3}
rElec    .         Reflect  .   l - scarf {repulsion}
rCorr    .         Harm     .   S - +0 pair of gloves
MR       +++..     NoTele   +   r - +0 pair of boots
Stlth    ..........             O - amulet of the acrobat
HPRegen  0.37/turn              m - +6 ring of slaying
MPRegen  0.15/turn              D - ring of protection from fire

@: slowed, repel missiles, very slow
A: walk on water, thin metallic scales 1, mutation resistance 1
}: 1/15 runes: barnacled
a: Smiting, Recall Orcish Followers, Give Item to Named Follower, Resurrection,
Renounce Religion


You were on level 3 of the Spider Nest.
You worshipped Beogh.
Beogh was exalted by your worship.
You were not hungry.

You visited 6 branches of the dungeon, and saw 31 of its levels.
You also visited: Sewer.

You collected 3337 gold pieces.
You spent 2303 gold pieces at shops.

Inventory:

Hand Weapons
 a - a +0 war axe
 b - a +4 morningstar
 V - a +5 broad axe of freezing (weapon)
Missiles
 j - 150 arrows
Armour
 c - the +9 plate armour of the Endless Expanse (worn) {-Tele rC+ MR++}
   (You bought it in a shop on level 2 of the Orcish Mines)

   It protects you from cold.
   It affects your resistance to hostile enchantments.
   It prevents most forms of teleportation.
 l - a scarf of repulsion (worn)
 r - a +0 pair of boots (worn)
 I - a +0 large shield (worn)
 P - a +2 helmet of intelligence (worn)
 S - a +0 pair of gloves (worn)
Jewellery
 m - a +6 ring of slaying (left hand)
 w - an uncursed ring of see invisible {unknown}
 D - a ring of protection from fire (right hand)
 O - an amulet of the acrobat (around neck)
 R - an uncursed ring of flight {unknown}
 X - an uncursed ring of protection from magic
Wands
 u - a wand of flame (43)
 x - a wand of scattershot (10)
 z - a wand of iceblast (12)
 E - a wand of polymorph (9)
 F - a wand of paralysis (10)
 J - a wand of acid (19)
 M - a wand of disintegration (6)
 N - a wand of digging (12)
Scrolls
 h - 10 scrolls of teleportation
 i - 4 scrolls of enchant armour
 n - a scroll of holy word {unknown}
 v - 13 scrolls of remove curse
 y - 5 scrolls of fear
 A - 3 scrolls of amnesia
 B - 14 scrolls of identify
 C - 2 scrolls of blinking
 G - 6 scrolls of magic mapping
 H - 6 scrolls of fog
 T - a scroll of acquirement {unknown}
Potions
 d - 7 potions of might
 e - 6 potions of mutation
 g - a potion of resistance
 k - 6 potions of lignification
 o - 3 potions of flight
 p - 5 potions of curing
 q - 5 potions of haste
 s - 4 potions of ambrosia
 t - 2 potions of heal wounds
 L - 4 potions of cancellation
 Q - 2 potions of agility
 W - 5 potions of berserk rage
 Y - a potion of invisibility
Comestibles
 f - 49 rations
 K - 13 chunks of flesh


   Skills:
 + Level 18.0 Fighting
 - Level 18.0 Axes
 + Level 16.8 Armour
 + Level 16.8 Shields


You had 16 spell levels left.
You didn't know any spells.
Your spell library contained the following spells:

 Spells                   Type           Power        Failure   Level  Hunger
 Animate Skeleton         Necr           N/A          99%         1    ##.....
 Apportation              Tloc           #.....       99%         1    ##.....
 Beastly Appendage        Tmut           #.....       99%         1    ##.....
 Confusing Touch          Hex            #.....       99%         1    ##.....
 Flame Tongue             Conj/Fire      #....        99%         1    ##.....
 Freeze                   Ice            #...         99%         1    ##.....
 Magic Dart               Conj           #...         99%         1    ##.....
 Shock                    Conj/Air       #...         99%         1    ##.....
 Summon Small Mammal      Summ           #...         99%         1    ##.....
 Blink                    Tloc           N/A          100%        2    ###....
 Call Imp                 Summ           #.......     100%        2    ###....
 Poisonous Vapours        Pois/Air       #.....       100%        2    ###....
 Slow                     Hex            #.......     100%        2    ###....
 Sticks to Snakes         Tmut           #.......     100%        2    ###....
 Swiftness                Chrm/Air       #.......     100%        2    ###....
 Throw Flame              Conj/Fire      #.....       100%        2    ###....
 Throw Frost              Conj/Ice       #.....       100%        2    ###....
 Call Canine Familiar     Summ           #.......     100%        3    ####...
 Confuse                  Hex            #.......     100%        3    ####...
 Conjure Flame            Conj/Fire      #.......     100%        3    ####...
 Gell's Gravitas          Tloc           #.........   100%        3    ####...
 Inner Flame              Hex/Fire       #.......     100%        3    ####...
 Mephitic Cloud           Conj/Pois/Air  #.......     100%        3    ####...
 Ozocubu's Armour         Chrm/Ice       #.......     100%        3    ####...
 Spider Form              Tmut/Pois      #.........   100%        3    ####...
 Static Discharge         Conj/Air       #.......     100%        3    ####...
 Summon Guardian Golem    Hex/Summ       #.......     100%        3    ####...
 Airstrike                Air            #.........   100%        4    #####..
 Ice Form                 Ice/Tmut       #.......     100%        4    #####..
 Petrify                  Tmut/Erth      #.......     100%        4    #####..
 Sticky Flame             Conj/Fire      #.......     100%        4    #####..
 Summon Ice Beast         Ice/Summ       #.......     100%        4    #####..
 Summon Lightning Spire   Summ/Air       #.......     100%        4    #####..
 Throw Icicle             Conj/Ice       #.......     100%        4    #####..
 Blade Hands              Tmut           #.........   100%        5    ######.
 Fireball                 Conj/Fire      #.........   100%        5    ######.
 Lightning Bolt           Conj/Air       #.........   100%        5    ######.
 Metabolic Englaciation   Hex/Ice        #.........   100%        5    ######.
 Yara's Violent Unravell  Hex/Tmut       #.........   100%        5    ######.
 Freezing Cloud           Conj/Ice/Air   #.........   100%        6    #######
 Ring of Flames           Chrm/Fire      #.........   100%        7    #######


Dungeon Overview and Level Annotations

Branches:
Dungeon (15/15)            Temple (1/1) D:4            Lair (6/6) D:9
 Shoals (4/4) Lair:2       Spider (3/4) Lair:3        Slime (0/5) Lair:5
    Orc (2/2) D:12            Elf (0/3) Orc:2        Vaults (0/5) D:14
 Depths (0/5) D:15

Altars:
Ashenzari
Cheibriados
Dithmenos
Elyvilon
Fedhas
Gozag
Hepliaklqana
Kikubaaqudgha
Makhleb
Nemelex Xobeh
Okawaru
Qazlal
Ru
Sif Muna
Trog
Uskayaw
Vehumet
Wu Jian
Xom
Yredelemnul
Zin
The Shining One
Jiyva

Shops:
D:10 [   Orc:2 [*(([:   Shoals:2 !

Annotations:
D:10 2 transporters, Banto's ghost, journeyman DsGl
D:11 2 transporters, HaroldHyrax's ghost, journeyman HOFi
D:15 exclusion: Roxanne, Roxanne
Lair:2 3 runed translucent doors, Huxoxzufuz's ghost, journeyman GnFi
Shoals:2 1 runed translucent door
Shoals:3 exclusion: oklob plant


Innate Abilities, Weirdness & Mutations

You can walk on water.
You are partially covered in thin metallic scales. (AC +2)
You are somewhat resistant to further mutation.


Message History

You block the tyrant leech's attack.
Wargath hits the tyrant leech with a +0 trident!!
Nordag hits the tyrant leech with a +1 war axe!!!
The tyrant leech dies!
Beogh accepts your kill.
Nordag closely misses the tyrant leech.
Bogric roars a battlecry!
Your orc knight goes into a battle-frenzy!
The tyrant leech bites you!!
* * * LOW HITPOINT WARNING * * *
The tyrant leech draws strength from your injuries!
Boruk prays to Beogh.
Spirok misses the tyrant leech.
You feel much better.
Nordag no longer looks unusually strong.
Zartorak no longer looks unusually strong.
Boruk no longer looks unusually strong.
Okrist no longer looks unusually strong.
The tyrant leech bites you!!
You die... .## ####### ... ≈≈...## #.≈ ≈≈≈..# #≈≈ ######≈≈≈.# #≈≈ ≈≈≈≈w#≈≈≈.# #≈≈ .≈w≈w≈y≈o:# #≈≈## #wwo3#

#≈≈≈#######w@oo# ###
##≈≈o≈≈≈≈ooo≈#o# ####≈#
###≈≈≈≈≈≈o###.### #...###
#####..#o≈.o#≈#
####o.##≈#
##.ooo≈#≈<###..#ooo≈≈#
####..o.≈#.###.^..##o#o.
........<#..^#...o##.ooo.
#..........###.....#..#..
#.......##.^....###......


You could see 3 tyrant leeches, a torpor snail, a moth of wrath, a swamp worm,
the friendly Spirok the orc warlord, 2 friendly orc knights, the friendly Bogric
the orc knight, the friendly Nordag the orc knight, the friendly Okrist the orc
knight, the friendly Wargath the orc knight, the friendly Boruk the orc high
priest, a friendly sun demon and the friendly Zartorak the orc sorcerer.

Vanquished Creatures
  2 krakens
  Kirke (Spider:1)
  An entropy weaver (Spider:1)
  A slime creature (D:15)
  6 merfolk impalers
  2 merfolk javelineers (Shoals:4)
  A yaktaur captain (D:15)
  4 hydras
  A centaur warrior (D:15)
  3 merfolk aquamancers (Shoals:4)
  4 merfolk avatars
  A satyr (Shoals:3)
  4 death yaks
  4 two-headed ogres
  An orc high priest (Orc:2)
  Sonja (Lair:6)
  2 unseen horrors (D:12)
  4 sea snakes
  5 harpies
  8 wolf spiders
  An orc knight (Orc:2)
  5 fauns (Shoals:3)
  2 orb spiders (Spider:1)
  12 manticores
  4 cyclopes
  4 ugly things
  A deep elf mage (D:15)
  A moth of wrath (Spider:3)
  An elephant (Lair:6)
  7 merfolk sirens
  A black mamba (Lair:5)
  5 water nymphs
  6 spiny frogs
  2 torpor snails
  3 rime drakes (Lair:6)
  2 kobold demonologists (D:13)
  8 demonic crawlers
  11 komodo dragons
  A yaktaur (D:15)
  A tengu conjurer (D:13)
  5 trolls
  3 polar bears
  12 jumping spiders
  Prince Ribbit (D:5)
  4 wind drakes
  18 merfolk
  3 tyrant leeches (Spider:3)
  A queen bee (D:7)
  5 hornets
  3 hippogriffs
  12 dream sheep
  3 blink frogs (Lair:4)
  Grinder (D:3)
  5 snapping turtles
  27 redbacks
  Sigmund (D:5)
  21 yaks
  2 shadows
  7 wyverns
  3 water elementals
  10 tarantellas
  3 vampires
  A basilisk (D:14)
  3 fire bats (Lair:6)
  A human (shapeshifter) (D:13)
  2 hogs (Spider:1)
  2 hungry ghosts (D:7)
  A steam dragon (D:8)
  2 swamp worms (Spider:3)
  3 wargs
  7 soldier ants
  4 water moccasins
  2 porcupines
  9 orc warriors
  3 black bears
  2 phantoms
  An eye of draining (D:15)
  6 sky beasts
  4 wolves
  18 centaurs
  8 ogres
  8 crocodiles
  A big kobold (D:10)
  12 bullfrogs
  A gnoll sergeant (D:9)
  A wyvern zombie (D:8)
  A wyvern skeleton (D:13)
  A scorpion (Lair:3)
  46 killer bees
  10 wights
  A jelly (D:5)
  2 vampire bats (Lair:4)
  2 howler monkeys
  An electric eel (Spider:1)
  6 crimson imps
  A quasit (D:11)
  A bullfrog zombie (D:5)
  6 orc priests
  3 hounds
  3 bullfrog skeletons
  Ijyb (D:3)
  5 centaur skeletons
  2 iguanas
  28 worker ants
  13 orc wizards
  A hound skeleton (D:7)
  A worker ant zombie (D:5)
  Robin (D:2)
  14 adders
  14 gnolls
  4 river rats
  5 shadow imps
  3 oozes
  3 adder skeletons
  8 worms
  2 dart slugs
  8 leopard geckos
  33 orcs
  14 ball pythons
  5 giant cockroaches
  23 goblins
  18 hobgoblins
  8 jackals
  2 quokkas
  10 bats
  10 frilled lizards
  19 kobolds
  A leopard gecko skeleton (D:4)
  A quokka skeleton (D:4)
  31 rats
  7 fungi
  6 plants
  4 tentacles
775 creatures vanquished.

Vanquished Creatures (collateral kills)
  A ghost moth (Spider:2)
  An orc warlord (Orc:2)
  An emperor scorpion (Spider:3)
  The ghost of SquishyGarg the Sharpshooter, a journeyman GrHu of Okawaru (D:13)
  An ironheart preserver (D:14)
  Nessos (Lair:6)
  A spark wasp (Spider:3)
  2 merfolk javelineers
  3 merfolk impalers (Shoals:4)
  3 hydras
  A rakshasa (D:13)
  A death knight (D:15)
  2 centaur warriors
  A merfolk aquamancer (Shoals:3)
  A satyr (Shoals:3)
  A two-headed ogre (D:14)
  A tengu warrior (D:14)
  2 orc high priests (Orc:2)
  A queen ant (D:11)
  4 skeletal warriors (D:14)
  4 sea snakes
  2 orc knights (Orc:2)
  A deep elf mage (D:12)
  9 orb spiders
  5 cyclopes
  14 wolf spiders
  3 manticores
  A salamander (shapeshifter) (D:13)
  7 ugly things
  A moth of wrath (Spider:3)
  An elephant (Lair:6)
  A centaur zombie (D:12)
  A black mamba (Lair:2)
  A merfolk siren (Shoals:2)
  A gargoyle (D:12)
  A torpor snail (Spider:2)
  A water nymph (Shoals:1)
  6 spiny frogs
  2 centaur skeletons
  2 kobold demonologists
  6 demonic crawlers
  A yaktaur (D:15)
  4 komodo dragons
  4 tyrant leeches (Spider:3)
  13 jumping spiders
  A meliai (D:14)
  2 trolls
  13 merfolk
  A polar bear (Lair:2)
  5 hippogriffs
  2 hornets
  A blink frog (Lair:4)
  4 slime creatures
  2 snapping turtles
  A meliai zombie (D:14)
  6 dream sheep
  22 redbacks
  2 water elementals (Shoals:3)
  A wyvern (Lair:4)
  2 vampires
  8 tarantellas
  8 yaks
  A basilisk (Lair:3)
  A harpy simulacrum (D:14)
  A swamp worm (Spider:3)
  2 acid dragons (D:15)
  12 soldier ants
  2 porcupines
  A sky beast (D:14)
  4 water moccasins
  A black bear (D:13)
  5 orc warriors
  A hornet zombie (D:12)
  An ice beast (D:15)
  2 ogres (Orc:1)
  4 wolves
  A crocodile (Lair:1)
  10 centaurs
  3 big kobolds
  2 bullfrogs (Lair:5)
  A scorpion (Lair:3)
  4 killer bees
  8 wights
  2 howler monkeys (D:12)
  A bullfrog zombie (D:12)
  3 crimson imps
  An orc priest (Orc:2)
  A jelly (D:10)
  4 orc wizards
  A bullfrog skeleton (D:11)
  12 worker ants
  2 shadow imps
  6 orcs
  A giant cockroach (Lair:3)
  2 kobolds
  A bat (Lair:4)
  13 fungi
  48 plants
  2 tentacles
370 creatures vanquished.

Vanquished Creatures (others)
  5 orc knights
  2 orc high priests
  An orc sorcerer (Orc:2)
  A faun (Shoals:3)
  15 orc warriors
  11 orc wizards
  10 orc priests
  25 orcs
  14 fungi
  12 plants
  8 tentacles
104 creatures vanquished.

Grand Total: 1249 creatures vanquished

Notes
Turn   | Place    | Note
-------+----------+-------------------------------------------
     0 | D:1      | Laan the Hill Orc Fighter began the quest for the Orb.
     0 | D:1      | Reached XP level 1. HP: 19/19 MP: 1/1
    80 | D:1      | Reached XP level 2. HP: 24/27 MP: 2/2
   308 | D:1      | Found a glowing golden altar of the Shining One.
   358 | D:1      | Reached XP level 3. HP: 31/33 MP: 3/3
  1110 | D:2      | Reached XP level 4. HP: 40/40 MP: 4/4
  1204 | D:2      | Noticed Robin
  1219 | D:2      | Killed Robin
  1468 | D:2      | Reached XP level 5. HP: 45/47 MP: 5/5
  1949 | D:3      | Noticed Ijyb
  1955 | D:3      | Killed Ijyb
  1989 | D:3      | Found a shattered altar of Ashenzari.
  1996 | D:3      | Reached skill level 5 in Axes
  2128 | D:3      | Noticed Grinder
  2144 | D:3      | Killed Grinder
  2144 | D:3      | Reached skill level 5 in Fighting
  2144 | D:3      | Reached XP level 6. HP: 17/56 MP: 6/6
  2760 | D:4      | Found a staircase to the Ecumenical Temple.
  2767 | Temple   | Entered the Ecumenical Temple
  3016 | D:4      | Found a glowing drain.
  3029 | Sewer    | Entered a sewer
  3125 | Sewer    | Reached XP level 7. HP: 61/61 MP: 7/7
  3252 | Sewer    | Reached skill level 5 in Armour
  3252 | Sewer    | Reached skill level 5 in Shields
  3789 | D:5      | Entered Level 5 of the Dungeon
  4070 | D:5      | Reached XP level 8. HP: 70/70 MP: 8/8
  4137 | D:5      | Noticed Sigmund
  4154 | D:5      | HP: 3/70 [something (3)]
  4155 | D:5      | HP: 1/70 [something (3)]
  4160 | D:5      | Killed Sigmund
  4514 | D:5      | Noticed Prince Ribbit
  4522 | D:5      | Killed Prince Ribbit
  5405 | D:6      | Became a worshipper of Beogh the Brigand
  5638 | D:6      | Reached XP level 9. HP: 79/79 MP: 9/9
  6051 | D:7      | Reached skill level 10 in Axes
  6899 | D:7      | Reached * piety under Beogh
  7308 | D:8      | Reached XP level 10. HP: 28/88 MP: 10/10
  7573 | D:8      | Noticed a two-headed ogre
  7890 | D:7      | HP: 1/90 [killer bee (12)]
  7894 | D:7      | Gained mutation: You tend to lose your temper in combat.
                  | [potion of mutation]
  7894 | D:7      | Gained mutation: Your magical capacity is low. (-10% MP)
                  | [potion of mutation]
  7894 | D:7      | Gained mutation: You have a pair of small horns on your
                  | head. [potion of mutation]
  7894 | D:7      | Gained mutation: You are partially covered in thin metallic
                  | scales. (AC +2) [potion of mutation]
  8246 | D:6      | Lost mutation: Your magical capacity is low. (-10% MP)
                  | [potion of mutation]
  8246 | D:6      | Lost mutation: You tend to lose your temper in combat.
                  | [potion of mutation]
  8246 | D:6      | Lost mutation: You have a pair of small horns on your head.
                  | [potion of mutation]
  8246 | D:6      | Gained mutation: You are somewhat resistant to further
                  | mutation. [potion of mutation]
  8331 | D:7      | Killed a two-headed ogre
  8930 | D:8      | Found an opulent altar of Gozag.
  8938 | D:8      | Reached ** piety under Beogh
  9157 | D:9      | Found a staircase to the Lair.
  9505 | D:9      | Reached XP level 11. HP: 97/97 MP: 11/11
  9530 | D:9      | Reached *** piety under Beogh
  9892 | D:9      | Noticed a five-headed hydra
 10339 | D:10     | Entered Level 10 of the Dungeon
 10420 | D:10     | Found a shimmering altar of Xom.
 10423 | D:10     | Found the +5 demon whip "Spellbinder" {antimagic, MR+}
 10521 | D:10     | Found Hojuenos's Armour Boutique.
 10549 | D:10     | Noticed Banto's ghost (journeyman DsGl)
 10550 | D:10     | Found a transporter.
 10568 | D:10     | Reached skill level 10 in Fighting
 10583 | D:10     | Found a transporter.
 10870 | Lair:1   | Entered Level 1 of the Lair of Beasts
 10953 | Lair:1   | Gained Herok as an ally
 11064 | Lair:1   | Reached **** piety under Beogh
 11838 | Lair:2   | Noticed Huxoxzufuz's ghost (journeyman GnFi)
 11841 | Lair:2   | Found a runed translucent gate.
 11841 | Lair:2   | Found a runed translucent gate.
 11841 | Lair:2   | Found a runed translucent gate.
 12017 | Lair:2   | Found a staircase to the Shoals.
 12024 | Lair:2   | Reached skill level 15 in Axes
 12025 | Lair:2   | Reached XP level 12. HP: 91/108 MP: 12/12
 12200 | Lair:2   | Reached skill level 10 in Armour
 12347 | Lair:3   | Reached skill level 10 in Shields
 12683 | Lair:3   | Found a hole to the Spider Nest.
 13184 | Lair:4   | Noticed a six-headed hydra
 13189 | Lair:4   | Killed a six-headed hydra
 13465 | Lair:4   | Reached ***** piety under Beogh
 13564 | Lair:5   | Found a staircase to the Slime Pits.
 13564 | Lair:5   | Found a viscous altar of Jiyva.
 13706 | Lair:5   | Noticed an eight-headed hydra
 13713 | Lair:5   | Killed an eight-headed hydra
 13864 | Lair:5   | Noticed a seven-headed hydra
 13875 | Lair:5   | Killed a seven-headed hydra
 14029 | Lair:5   | Noticed a six-headed hydra
 14038 | Lair:5   | Killed a six-headed hydra
 14205 | Lair:6   | Entered Level 6 of the Lair of Beasts
 14233 | Lair:6   | Reached XP level 13. HP: 109/117 MP: 13/13
 14341 | Lair:6   | Noticed Nessos
 14356 | Lair:6   | Killed Nessos
 14558 | Lair:6   | Your ally Herok died
 15520 | Lair:6   | Noticed Sonja
 15523 | Lair:6   | Killed Sonja
 16217 | D:11     | Reached XP level 14. HP: 123/129 MP: 14/14
 16404 | D:11     | Found a transporter.
 16409 | D:11     | Found a transporter.
 16409 | D:11     | Noticed HaroldHyrax's ghost (journeyman HOFi)
 16533 | D:11     | Gained Nordag as an ally
 16560 | D:11     | Gained Spirok as an ally
 16566 | D:11     | Reached ****** piety under Beogh
 16917 | D:12     | Gained Morguth as an ally
 16992 | D:12     | Gained Zartorak as an ally
 17063 | D:12     | Found a glowing golden altar of the Shining One.
 17087 | D:12     | Found a shadowy altar of Dithmenos.
 17110 | D:12     | Gained Thorok as an ally
 17689 | D:12     | Found a staircase to the Orcish Mines.
 17824 | D:13     | Your ally Morguth died
 17829 | D:13     | Gained Oreg as an ally
 17915 | D:13     | Gained Boruk as an ally
 18508 | D:13     | Found a large runed translucent door.
 18508 | D:13     | Found a large runed translucent door.
 18510 | D:13     | Noticed SquishyGarg's ghost (journeyman GrHu)
 18525 | D:13     | Killed SquishyGarg's ghost
 18754 | D:14     | Found a gate to the Vaults.
 18754 | D:14     | Noticed an ironheart preserver
 18768 | D:14     | Killed an ironheart preserver
 19013 | D:14     | Found a sparkling altar of Nemelex Xobeh.
 19075 | D:14     | Reached XP level 15. HP: 104/139 MP: 15/15
 19587 | D:15     | Entered Level 15 of the Dungeon
 19602 | D:15     | Your ally Thorok died
 19619 | D:15     | Noticed Roxanne
 19666 | D:15     | Found a shadowy altar of Dithmenos.
 19685 | D:15     | Reached skill level 15 in Fighting
 20252 | D:15     | Found a staircase to the Depths.
 20439 | Orc:1    | Entered Level 1 of the Orcish Mines
 20994 | Orc:2    | Entered Level 2 of the Orcish Mines
 20994 | Orc:2    | Found Suyrghasi's General Store.
 21040 | Orc:2    | Noticed an orc warlord
 21044 | Orc:2    | Found Oriu's Antique Weapon Boutique.
 21044 | Orc:2    | Your ally Zartorak died
 21047 | Orc:2    | Killed an orc warlord
 21091 | Orc:2    | Bought a runed broad axe for 217 gold pieces
 21120 | Orc:2    | Found Runlaedd's Weapon Emporium.
 21195 | Orc:2    | Found Boneffeh's Antique Armour Boutique.
 21203 | Orc:2    | Bought an ichor-stained plate armour for 700 gold pieces
 21203 | Orc:2    | Identified the +9 plate armour of the Endless Expanse
                  | {-Tele rC+ MR++} (You bought it in a shop on level 2 of the
                  | Orcish Mines)
 21311 | Orc:2    | Found Sogeipei's Book Shop.
 21317 | Orc:2    | Found Qesezex's Antique Armour Shop.
 21324 | Orc:2    | Found a staircase to the Elven Halls.
 21342 | Orc:2    | Bought a transparent cloak for 228 gold pieces
 21342 | Orc:2    | Bought a glowing helmet for 180 gold pieces
 21342 | Orc:2    | Bought a steaming plate armour for 672 gold pieces
 21353 | Orc:2    | Identified the +0 cloak of the Depths {*Corrode +Inv rPois
                  | SInv} (You bought it in a shop on level 2 of the Orcish
                  | Mines)
 21355 | Orc:2    | Identified the +4 plate armour of the Arcane {+Inv rElec
                  | MR+ Int+2} (You bought it in a shop on level 2 of the
                  | Orcish Mines)
 21946 | Shoals:1 | Entered Level 1 of the Shoals
 22171 | Shoals:1 | Found the +3 robe of Clouds {+Thunder rCloud rElec}
 22516 | Shoals:1 | Noticed a kraken
 22528 | Shoals:1 | Killed a kraken
 23032 | Shoals:2 | Found a runed translucent door.
 23378 | Shoals:2 | Found Adoupp's Distillery.
 23406 | Shoals:2 | Reached skill level 15 in Armour
 23411 | Shoals:2 | Reached skill level 15 in Shields
 23625 | Shoals:2 | Bought a potion of might for 72 gold pieces
 23625 | Shoals:2 | Bought a potion of heal wounds for 90 gold pieces
 23625 | Shoals:2 | Bought a potion of might for 72 gold pieces
 23625 | Shoals:2 | Bought a potion of might for 72 gold pieces
 23960 | Shoals:3 | Reached XP level 16. HP: 151/151 MP: 16/16
 24144 | Shoals:3 | Gained Wargath as an ally
 24974 | Shoals:4 | Entered Level 4 of the Shoals
 25176 | Shoals:4 | Noticed a kraken
 25193 | Shoals:4 | Killed a kraken
 25210 | Shoals:4 | Got a barnacled rune of Zot
 25761 | Spider:1 | Entered Level 1 of the Spider Nest
 25943 | Spider:1 | Noticed Kirke
 25961 | Spider:1 | Killed Kirke
 26342 | Spider:1 | Gained Okrist as an ally
 26345 | Spider:1 | Reached XP level 17. HP: 129/162 MP: 17/17
 26524 | Spider:2 | Gained Garbold as an ally
 26552 | Spider:2 | Your ally Garbold died
 26898 | Spider:3 | Gained Bogric as an ally
 27078 | Spider:3 | Your ally Oreg died
 27080 | Spider:3 | HP: 4/163 [tyrant leech (34)]
 27081 | Spider:3 | Slain by a tyrant leech

Skill      XL: |  1  2  3  4  5  6  7  8  9 10 11 12 13 14 15 16 17 |
---------------+----------------------------------------------------+-----
Axes           | 3 4 6 7 9 11 13 15 16 18 | 18.0
Fighting       | 4 5 7 8 9 10 11 13 14 16 17 18 | 18.0
Armour         | 4 5 6 7 8 9 11 12 13 15 16 | 16.8
Shields        | 4 5 6 7 8 9 11 12 13 15 16 | 16.8

Action                   |  1- 3 |  4- 6 |  7- 9 | 10-12 | 13-15 | 16-18 || total
-------------------------+-------+-------+-------+-------+-------+-------++-------
Melee: War axe           |    94 |   155 |   284 |   608 |   784 |       ||  1925
       Morningstar       |       |       |       |    12 |    12 |       ||    24
       Broad axe         |       |       |       |       |   207 |   380 ||   587
Invok: Convert to Beogh  |       |       |     1 |       |       |       ||     1
       Recall Orcish Fol |       |       |       |       |     5 |     4 ||     9
       Resurrection      |       |       |       |       |     1 |       ||     1
Evoke: Wand              |       |     1 |       |     1 |     2 |     5 ||     9
  Use: Potion            |       |       |     5 |     8 |       |     2 ||    15
       Scroll            |       |       |     5 |     5 |    26 |       ||    36
 Stab: Distracted        |       |       |       |     2 |    10 |     5 ||    17
       Paralysed         |       |       |       |       |       |     2 ||     2
  Eat: Chunk             |     1 |     6 |    14 |    15 |    25 |     7 ||    68
       Ration            |       |       |     1 |     2 |     2 |     1 ||     6
Armor: Scale mail        |    26 |       |       |       |       |       ||    26
       Chain mail        |    23 |    63 |       |       |       |       ||    86
       Plate armour      |       |    38 |   167 |   328 |   394 |   192 ||  1119
Dodge: Dodged            |    31 |    23 |    41 |   127 |   197 |   111 ||   530
       Deflected         |       |       |     2 |     2 |    20 |    10 ||    34
Block: Shield            |    58 |    65 |    34 |       |       |       ||   157
       Large shield      |       |       |   197 |   694 |   855 |   440 ||  2186
